[Event "CZE-ch U12 Open 2023"]
[Site "Teplice"]
[Date "2023.03.16"]
[Round "7.6"]
[White "Komarek, Tobias"]
[Black "Mik, Tomas"]
[Result "0-1"]
[ECO "A10"]
[WhiteElo "1515"]
[BlackElo "1911"]
[Annotator "TA"]
[PlyCount "172"]
[EventDate "2023.03.09"]
[EventType "swiss"]
[EventCountry "CZE"]
[SourceTitle "playchess.com"]
[Source "ChessBase"]
[SourceQuality "1"]
[TimeControl "40/5400+30:1800+30"]

1. c4 d6 2. g3 e5 3. Bg2 f5 4. e3 Nf6 5. Ne2 Be7 6. Nbc3 O-O 7. O-O Nc6 8. d3 Be6 {[%emt 0:05:25] A21: English Opening: 1...e5 2 Nc3.} 9. b3 {[%emt 0:02:48] [#]} Qe8 $146 ({Predecessor:} 9... d5 10. Bb2 dxc4 11. dxc4 Qe8 12. a3 a5 13. Qc2 Qh5 {½-½ Pokora,L (1873)-Lacha,J (1800) Olomouc Seniors op 19th 2016 (3)}) 10. f4 Qh5 {[%emt 0:03:24] White is slightly better.} 11. fxe5 (11. Nd5 $14 Bxd5 12. cxd5) 11... dxe5 $15 12. d4 Rad8 (12... Ng4 13. h3 Nf6 14. Nd5 $16) 13. Qe1 Nb4 (13... exd4 14. exd4 (14. Nf4 Qf7 $11) 14... Qe8 15. Bf4 $14) (13... Ng4 14. h3 Nf6 15. Bb2 $14 (15. d5 Nb4 $15)) 14. Qd2 {[%emt 0:03:33] Prevents Nc2.} e4 (14... Ng4 15. h3 Nh6 16. a3 $11 (16. Bxb7 Qxh3 17. Bg2 Qh5 $17)) (14... c6 $17) 15. Nf4 $11 Qf7 16. Bh3 {[%emt 0:09:40] And now Nxe6 would win.} Bc8 17. Bb2 (17. a3 $11 Na6 18. Nfd5 Nxd5 19. Nxd5) 17... g5 $17 18. Nfe2 {[%emt 0:01:11] [#]} g4 (18... Qg6 $1 $17 {Hoping for ...Nd3.} 19. Ba3 Qh6 20. Bxb4 (20. Bxf5 $2 Bxf5 {[%mdl 64] Remove Defender} 21. Rxf5 Ng4 $17) 20... Bxb4) 19. Bg2 $15 Nd3 20. Nf4 Nxf4 21. Rxf4 Qh5 (21... h5 $15) 22. Nb5 (22. d5 $14) 22... a6 (22... c6 $11 23. Nc3 b5) 23. Nc3 (23. Nxc7 $16 Bd6 24. Na8 (24. Qa5 Qf7 $14)) 23... Nd7 (23... Qg6 $11) 24. Raf1 {[%emt 0:05:42] [#]} (24. Nd5 $14 Bg5 25. Rf2) 24... Ne5 $1 25. Nd5 {[%emt 0:04:14] [#]} (25. R4f2 Nd3) 25... Rxd5 26. cxd5 Nd3 27. R1f2 Bd6 {[%emt 0:02:49] Black has more active pieces.} 28. Bf1 Nxf2 29. Rxf2 Rf6 (29... Qf7 $17) 30. Bc3 $11 Rh6 31. Rg2 Qf7 32. Bb4 Qe7 (32... Qxd5 $2 33. Bc4 $18) 33. Bxd6 Qxd6 34. Qc3 Rg6 35. Rc2 Rg7 36. Qc5 Qh6 ({Black should play} 36... Qxc5 $14 37. Rxc5 (37. dxc5 Rd7 $11) 37... b6) 37. Rc3 {[%emt 0:05:40][%cal Od5d6] Strongly threatening d6!} Qf6 {[%emt 0:02:08] [#] Prevents d6.} (37... b6 $16 38. Qa3 Bb7) 38. d6 $1 $18 c6 (38... Rd7 39. dxc7) 39. Bc4+ {[%emt 0:03:18] Black is weak on the dark squares} Kh8 40. Qe5 Qd8 {[%emt 0:03:00] Wards off Qe8+} 41. Be6 Bxe6 42. Qxe6 {[%emt 0:00:08][%mdl 4096] Endgame KQR-KQR} Rg6 43. Qxf5 Qxd6 44. Qxe4 $2 (44. Qc8+ $18 Rg8 45. Qxb7) 44... Qb4 (44... Qe6 $16 {was worth a try.} 45. Qc2 Rg8) 45. Qe5+ Kg8 (45... Rg7 {might work better.}) 46. Qc5 (46. Rc1 $18) 46... Qxc5 $16 47. Rxc5 {[%emt 0:00:09] KR-KR} Re6 48. Kf2 {[%emt 0:00:48] Threatens to win with Rg5+.} Rf6+ (48... Rh6 $1 $14) 49. Ke2 $18 Rh6 50. Rg5+ Kf7 51. Rf5+ (51. Rxg4 Rxh2+ 52. Kd3 Rxa2 $11) 51... Ke6 52. Rf2 b6 (52... c5 $142 53. dxc5 Kd5) 53. Kd3 c5 54. a4 cxd4 55. Kxd4 ({Don't take} 55. exd4 Kd5 $16) 55... Rh5 56. b4 (56. Rc2 $18 {and White stays clearly on top.}) 56... Rd5+ $16 57. Kc4 (57. Ke4 $1 $14 Re5+ 58. Kd3) 57... Rd1 $11 58. Rf4 h5 59. Re4+ Kf6 60. Rd4 Rc1+ 61. Kd3 {[%emt 0:01:04] Black must now prevent Rd6+.} Ke5 {[%emt 0:00:40] Dodges Rd6} 62. Rc4 Rd1+ 63. Ke2 Rh1 64. Rc6 Rxh2+ 65. Kf1 $2 {[%emt 0:00:24][%mdl 8192] [#]} (65. Kd3 $11 {and White has nothing to worry.}) 65... Ra2 $2 ({Black should try} 65... Ke4 $1 $19 66. Rf6 (66. Rxb6 $2 {loses.} Kf3 $19) 66... Ra2) 66. Rxb6 $15 Rxa4 (66... Ke4 $5 67. Rf6 (67. Rxa6 $2 {too greedy.} Kf3 $19) 67... Rxa4 $17) 67. Ke2 Ke4 {[%emt 0:01:15] ...Ra2+ is the strong threat.} 68. Re6+ Kd5 69. Rh6 Rxb4 {[%emt 0:00:12] aiming for ...Rb2+.} 70. Rxa6 Rb2+ 71. Kd3 Rb3+ 72. Ke2 Kc4 73. Rc6+ Kd5 74. Ra6 Rb4 75. Rf6 Ke5 76. Rf4 Rb2+ 77. Kd3 Rg2 78. Re4+ $2 (78. Ra4 $11) 78... Kf5 $19 79. Rf4+ Kg5 80. Ke4 Rxg3 81. Rf5+ Kg6 82. Rb5 Rf3 83. Kd3 g3 {[%emt 0:00:46][%cal Bg4g3,Bg3g2][%mdl 32] ( -> ...g2)} 84. Ke2 Rf5 85. Rb4 g2 86. Rb1 h4 {[%emt 0:00:10] Both players deserved the win here.   Weighted Error Value: White=0.36/Black=0.28 (precise)} 0-1

[Event "CZE-ch U12 Open 2023"]
[Site "Teplice"]
[Date "2023.03.16"]
[Round "7.7"]
[White "Sboev, Kirill"]
[Black "Boff, Ondrej"]
[Result "0-1"]
[ECO "A04"]
[WhiteElo "1506"]
[BlackElo "1561"]
[Annotator "NA RC COMBH"]
[PlyCount "80"]
[EventDate "2023.03.09"]
[EventType "swiss"]
[EventCountry "CZE"]
[SourceTitle "playchess.com"]
[Source "ChessBase"]
[SourceQuality "1"]
[TimeControl "40/5400+30:1800+30"]

1. Nf3 c5 2. g3 g6 3. Bg2 Bg7 4. O-O Nc6 5. d3 h5 6. e4 d6 7. Nbd2 Bd7 8. Re1 Nh6 9. c3 O-O 10. Nf1 Bg4 11. Bf4 Qd7 12. Qd2 Bxf3 13. Bxh6 Bxg2 14. Kxg2 d5 15. Bxg7 Kxg7 16. Qf4 d4 17. c4 e5 18. Qd2 a6 19. Rac1 Qe7 20. a3 Rfc8 21. f4 b5 22. b3 Rcb8 23. Rb1 a5 24. h3 h4 25. g4 exf4 26. Qxf4 Ne5 27. Qd2 a4 28. cxb5 Rxb5 29. bxa4 Rxb1 30. Rxb1 Rxa4 31. Rb3 Qf6 32. Nh2 Qa6 33. Nf3 Nxf3 34. Kxf3 Rxa3 35. Rxa3 Qxa3 36. Kg2 Qc3 37. Qe2 c4 38. Kf2 cxd3 39. Qd1 Qc2+ 40. Ke1 Qxd1+ 0-1

[Event "CZE-ch U12 Open 2023"]
[Site "Teplice"]
[Date "2023.03.16"]
[Round "7.8"]
[White "Tejnor, Martin"]
[Black "Rudlof, Adam"]
[Result "1/2-1/2"]
[ECO "B32"]
[WhiteElo "1360"]
[BlackElo "1409"]
[Annotator "NA RC COMBH"]
[PlyCount "83"]
[EventDate "2023.03.09"]
[EventType "swiss"]
[EventCountry "CZE"]
[SourceTitle "playchess.com"]
[Source "ChessBase"]
[SourceQuality "1"]
[TimeControl "40/5400+30:1800+30"]

1. e4 c5 2. Nf3 Nc6 3. d4 cxd4 4. Nxd4 g6 5. Be3 Bg7 6. Nc3 Nf6 7. Be2 O-O 8. O-O d5 9. exd5 Nxd5 10. Nxd5 Qxd5 11. Bf3 Qa5 12. Nb3 Qc7 13. c3 Rd8 14. Qe2 Bf5 15. Rfd1 a6 16. Rac1 Rac8 17. h3 e5 18. Nc5 Bf8 19. Ne4 Bxe4 20. Bxe4 f5 21. Bd5+ Kh8 22. Qc4 Qe7 23. Qe2 Rd7 24. Bb6 Bh6 25. Rc2 Qf6 26. Be3 Bxe3 27. fxe3 Rcd8 28. Rcd2 Ne7 29. Bxb7 Rxd2 30. Rxd2 Rxd2 31. Qxd2 Qb6 32. Bf3 f4 33. Be4 fxe3 34. Qe2 Nf5 35. Bxf5 gxf5 36. Kf1 f4 37. Ke1 Qg6 38. b3 Qe4 39. Qd1 Qxg2 40. Qd8+ Kg7 41. Qe7+ Kg6 42. Qe6+ 1/2-1/2

[Event "CZE-ch U12 Open 2023"]
[Site "Teplice"]
[Date "2023.03.16"]
[Round "7.9"]
[White "Frantsev, Iegor"]
[Black "Maly, Jiri"]
[Result "0-1"]
[ECO "C24"]
[WhiteElo "1424"]
[BlackElo "1520"]
[Annotator "NA RC COMBH"]
[PlyCount "46"]
[EventDate "2023.03.09"]
[EventType "swiss"]
[EventCountry "CZE"]
[SourceTitle "playchess.com"]
[Source "ChessBase"]
[SourceQuality "1"]
[TimeControl "40/5400+30:1800+30"]

1. e4 e5 2. Bc4 Nf6 3. Qe2 Nc6 4. Nf3 Bc5 5. d3 h6 6. h3 O-O 7. Nc3 d6 8. g4 Nh7 9. g5 Nxg5 10. Nxg5 hxg5 11. Qh5 Nd4 12. Kd1 Qf6 13. f4 gxf4 14. Rg1 Nf5 15. Rg5 Ng3 16. Qh4 c6 17. Ne2 Nxe2 18. Kxe2 d5 19. exd5 cxd5 20. Bxd5 Be7 21. Be4 g6 22. Bxg6 fxg6 23. Bxf4 exf4 0-1

[Event "CZE-ch U12 Open 2023"]
[Site "Teplice"]
[Date "2023.03.16"]
[Round "7.11"]
[White "Krisica, Lukas"]
[Black "Migalko, Dmitriy"]
[Result "0-1"]
[ECO "D10"]
[WhiteElo "1342"]
[BlackElo "1581"]
[Annotator "NA RC COMBH"]
[PlyCount "76"]
[EventDate "2023.03.09"]
[EventType "swiss"]
[EventCountry "CZE"]
[SourceTitle "playchess.com"]
[Source "ChessBase"]
[SourceQuality "1"]
[TimeControl "40/5400+30:1800+30"]

1. d4 d5 2. c4 c6 3. Nc3 Nf6 4. e3 Bf5 5. Nf3 e6 6. Bd2 Bd6 7. Be2 Nbd7 8. O-O O-O 9. Qb3 Qc7 10. h3 Ne4 11. c5 Be7 12. Qa3 b6 13. b4 a5 14. Nxe4 dxe4 15. Nh2 axb4 16. cxb6 Qxh2+ 17. Kxh2 Rxa3 18. Rfb1 Nxb6 19. Bxb4 Bxb4 20. Rxb4 Nd5 21. Rc4 Rc8 22. g4 Bg6 23. h4 f5 24. gxf5 exf5 25. h5 Be8 26. h6 g6 27. Kg2 Rb8 28. Rc2 f4 29. Kh2 fxe3 30. fxe3 Rxe3 31. a4 Bd7 32. a5 Rh3+ 33. Kg1 Rhb3 34. Rcc1 Kf8 35. a6 Nc7 36. a7 Ra8 37. Bc4 Rb7 38. Rf1+ Bf5 0-1

[Event "CZE-ch U12 Open 2023"]
[Site "Teplice"]
[Date "2023.03.18"]
[Round "9.1"]
[White "Mik, Tomas"]
[Black "Kroulik, Vaclav"]
[Result "1-0"]
[ECO "B20"]
[WhiteElo "1911"]
[BlackElo "1772"]
[Annotator "TA"]
[PlyCount "67"]
[EventDate "2023.03.09"]
[EventType "swiss"]
[EventCountry "CZE"]
[SourceTitle "playchess.com"]
[Source "ChessBase"]
[SourceQuality "1"]
[TimeControl "40/5400+30:1800+30"]

1. e4 c5 2. a3 d6 3. Nc3 Nc6 4. Nf3 Bg4 5. Bb5 {[%emt 0:02:53] [#]} a6 $146 ({Predecessor:} 5... e6 6. d4 cxd4 7. Qxd4 Bxf3 8. gxf3 a6 9. Bxc6+ bxc6 10. Be3 d5 11. Qa4 Qd7 {½-½ Tammik,J-Sternik,R POL corr Poland 1999}) 6. Bxc6+ {[%emt 0:01:07] B20: Sicilian: Unusual White 2nd moves.} bxc6 7. h3 Bd7 (7... Bh5 $11) 8. O-O {[%emt 0:00:44] White is better.} g6 (8... e5 $14) 9. d3 (9. e5 $142) 9... Bg7 10. Be3 Rb8 {[%emt 0:03:42] [#]} (10... Nf6 $14) 11. Rb1 ({Better is} 11. e5 $1 $16) 11... Nf6 $14 12. Qd2 O-O 13. Bh6 Qc7 (13... e5 $11 {remains equal.}) 14. Bxg7 Kxg7 15. e5 Ng8 (15... Nd5 $142) 16. Ne4 {[%emt 0:04:18] aiming for exd6.} f5 $2 {[%emt 0:03:49] [#] A mistake that costs the game.} (16... Bf5 $16) 17. Qc3 $1 $18 Kh6 18. exd6 exd6 {[%emt 0:01:04] [#]} 19. Neg5 {[%emt 0:01:32][%cal Og5h7] And now Nxh7! would win. A dynamic duo of knights.} Nf6 20. Rfe1 Bc8 21. Re2 Kg7 $2 (21... Rb7 22. b4 Nd5) 22. Rbe1 {[%emt 0:00:48][%cal Bb1e1,Be1e8,Be8e6,Be6c6,Bc6c7,Bc7c8][%mdl 32] Hoping for Re7+.} Rb7 23. Re8 Rxe8 24. Rxe8 {[%emt 0:00:15][%cal Og5h7] Nxh7! would be deadly.} d5 (24... Qd7 {keeps fighting.}) 25. Ne6+ Bxe6 26. Rxe6 Qd8 27. Qxc5 Rxb2 28. Rxc6 ({Weaker is} 28. Qxc6 Rb1+ 29. Kh2 Rb2 $18) 28... Rb1+ 29. Kh2 Qb8+ (29... Rb7 $142 30. Rxa6 Qc7+ 31. Qxc7+ Rxc7) 30. Rc7+ Kg8 31. g3 {[%emt 0:00:46] White wants to mate with Qe7.} Rb5 {[%emt 0:01:44] Black is weak on the dark squares} 32. Qe7 {[%emt 0:00:54][%csl Gc7][%cal Re7g7] White mates.} Qf8 33. Qe6+ Kh8 34. Rc8 {[%emt 0:00:43] Weighted Error Value: White=0.12 (very precise) /Black=0.66} 1-0

[Event "CZE-ch U12 Open 2023"]
[Site "Teplice"]
[Date "2023.03.18"]
[Round "9.2"]
[White "Bara, Jan"]
[Black "Sochor, Antonin"]
[Result "0-1"]
[ECO "D31"]
[WhiteElo "1712"]
[BlackElo "1574"]
[Annotator "NA RC COMBH"]
[PlyCount "92"]
[EventDate "2023.03.09"]
[EventType "swiss"]
[EventCountry "CZE"]
[SourceTitle "playchess.com"]
[Source "ChessBase"]
[SourceQuality "1"]
[TimeControl "40/5400+30:1800+30"]

1. d4 d5 2. c4 e6 3. Nc3 Bb4 4. Nf3 dxc4 5. e4 b5 6. Be2 Bb7 7. Qc2 h6 8. Be3 Nf6 9. Nd2 a6 10. f3 Nc6 11. e5 Nd5 12. Nxd5 Qxd5 13. a3 Ba5 14. O-O-O Nxd4 15. Bxd4 Qxd4 16. Nxc4 Qf4+ 17. Nd2 Qxe5 18. Nb3 Bb6 19. Kb1 O-O 20. h4 c5 21. g4 c4 22. Nc1 f5 23. gxf5 Rxf5 24. Rhe1 Qf6 25. Rd7 Bd5 26. Na2 a5 27. Nc3 b4 28. Ne4 Qe5 29. Nd6 c3 30. Nxf5 exf5 31. b3 Kh8 32. Rd1 Bxb3 33. Qxb3 Qxe2 34. R7d6 Rc8 35. Qc2 Qb5 36. a4 Qa6 37. R1d3 b3 38. Qc1 c2+ 39. Kb2 Qc4 40. Rxb6 Qxd3 41. Rxb3 Qd4+ 42. Ka3 Rc4 43. Rb8+ Kh7 44. Ka2 Rxa4+ 45. Kb3 Qc4+ 46. Kb2 Ra2# 0-1

[Event "CZE-ch U12 Open 2023"]
[Site "Teplice"]
[Date "2023.03.18"]
[Round "9.3"]
[White "Mydlar, Matej"]
[Black "Mikulka, Martin Michael"]
[Result "1-0"]
[ECO "C05"]
[WhiteElo "1586"]
[BlackElo "1786"]
[Annotator "NA RC COMBH"]
[PlyCount "65"]
[EventDate "2023.03.09"]
[EventType "swiss"]
[EventCountry "CZE"]
[SourceTitle "playchess.com"]
[Source "ChessBase"]
[SourceQuality "1"]
[TimeControl "40/5400+30:1800+30"]

1. e4 e6 2. d4 d5 3. Nd2 Nf6 4. e5 Nfd7 5. Ngf3 c5 6. c3 Nc6 7. Bd3 f6 8. exf6 Nxf6 9. O-O cxd4 10. cxd4 Bd6 11. Re1 O-O 12. Nb3 Qc7 13. Bg5 Bd7 14. Bh4 Rae8 15. Rc1 Qb6 16. Ne5 Bc8 17. Bg3 Bxe5 18. dxe5 Nd7 19. Qh5 g6 20. Bxg6 hxg6 21. Qxg6+ Kh8 22. Bh4 Ne7 23. Qh6+ Kg8 24. Bf6 Nxf6 25. exf6 Rf7 26. Re3 Qxe3 27. fxe3 Nf5 28. Qg5+ Kh8 29. Qh5+ Kg8 30. Rf1 Nd6 31. Rf3 Rh7 32. Qg6+ Kh8 33. f7 1-0

[Event "CZE-ch U12 Open 2023"]
[Site "Teplice"]
[Date "2023.03.18"]
[Round "9.4"]
[White "Boff, Ondrej"]
[Black "Chernyy, Andrey"]
[Result "1/2-1/2"]
[ECO "C24"]
[WhiteElo "1561"]
[BlackElo "1605"]
[Annotator "NA RC COMBH"]
[PlyCount "134"]
[EventDate "2023.03.09"]
[EventType "swiss"]
[EventCountry "CZE"]
[SourceTitle "playchess.com"]
[Source "ChessBase"]
[SourceQuality "1"]
[TimeControl "40/5400+30:1800+30"]

1. e4 e5 2. Bc4 Nf6 3. d3 Nc6 4. Nc3 Bb4 5. Nge2 O-O 6. O-O Na5 7. a3 Bxc3 8. Nxc3 Nxc4 9. dxc4 d6 10. Qd3 Be6 11. Bg5 h6 12. Bh4 g5 13. Bg3 Kg7 14. h4 Rh8 15. b3 Nh5 16. Qf3 Nf4 17. Bxf4 gxf4 18. g3 Rg8 19. Kh2 Kh7 20. Rg1 Rg4 21. Rg2 Qf6 22. Kh1 Rag8 23. Nd5 Qd8 24. Rd1 R4g6 25. Rd2 Bh3 26. Rh2 Bg4 27. Qc3 fxg3 28. fxg3 c6 29. Nb4 a5 30. Na2 Be6 31. Rhg2 Bh3 32. Rg1 Qf6 33. Qe3 Qe7 34. Kh2 Bd7 35. Nc3 Qe6 36. Kh1 Qh3+ 37. Rh2 Rxg3 38. Rxh3 Rxh3+ 39. Qxh3 Rxg1+ 40. Kxg1 Bxh3 41. Kh2 Be6 42. Kg3 Kg6 43. Nd1 f5 44. exf5+ Bxf5 45. Ne3 Be4 46. Kg4 h5+ 47. Kg3 b5 48. c3 d5 49. cxb5 cxb5 50. a4 bxa4 51. bxa4 d4 52. cxd4 exd4 53. Nc4 Bc2 54. Nxa5 Bxa4 55. Kf4 d3 56. Nc4 Kf6 57. Ke3 Bc2 58. Nb2 Kf5 59. Nxd3 Bxd3 60. Kxd3 Kg4 61. Ke4 Kxh4 62. Kf4 Kh3 63. Kf3 h4 64. Kf2 Kh2 65. Kf1 Kg3 66. Kg1 h3 67. Kh1 h2 1/2-1/2

[Event "CZE-ch U12 Open 2023"]
[Site "Teplice"]
[Date "2023.03.18"]
[Round "9.5"]
[White "Policar, Martin"]
[Black "Sboev, Kirill"]
[Result "0-1"]
[ECO "D02"]
[WhiteElo "1552"]
[BlackElo "1506"]
[Annotator "NA RC COMBH"]
[PlyCount "88"]
[EventDate "2023.03.09"]
[EventType "swiss"]
[EventCountry "CZE"]
[SourceTitle "playchess.com"]
[Source "ChessBase"]
[SourceQuality "1"]
[TimeControl "40/5400+30:1800+30"]

1. d4 d5 2. Nf3 Nf6 3. g3 e6 4. Bg2 Be7 5. O-O O-O 6. c4 dxc4 7. Qa4 a6 8. Qxc4 b5 9. Qd3 Bb7 10. Bg5 h6 11. Bxf6 Bxf6 12. h4 Ra7 13. a3 Bxf3 14. Bxf3 Qxd4 15. Qxd4 Bxd4 16. Nc3 Bxc3 17. bxc3 Nd7 18. Rfd1 Ne5 19. Be4 f5 20. Bc2 Kf7 21. f4 Nc4 22. Rd7+ Kf6 23. Bb3 Nd6 24. Rd1 Rf7 25. Rxf7+ Kxf7 26. Kg2 Ke7 27. Kf3 c5 28. Bc2 Rd7 29. g4 fxg4+ 30. Kxg4 Nc4 31. Rxd7+ Kxd7 32. Kh5 Ke7 33. Kg6 Nxa3 34. Bd1 Kf8 35. e4 Nc4 36. Bg4 a5 37. Bxe6 a4 38. f5 a3 39. f6 gxf6 40. Kxh6 a2 41. Bxc4 bxc4 42. h5 a1=Q 43. Kh7 Qg1 44. e5 Qg7# 0-1

[Event "CZE-ch U12 Open 2023"]
[Site "Teplice"]
[Date "2023.03.18"]
[Round "9.6"]
[White "Maly, Jiri"]
[Black "Sochor, Vaclav"]
[Result "0-1"]
[ECO "C00"]
[WhiteElo "1520"]
[BlackElo "1503"]
[Annotator "NA RC COMBH"]
[PlyCount "98"]
[EventDate "2023.03.09"]
[EventType "swiss"]
[EventCountry "CZE"]
[SourceTitle "playchess.com"]
[Source "ChessBase"]
[SourceQuality "1"]
[TimeControl "40/5400+30:1800+30"]

1. e4 e6 2. d4 d5 3. Bd3 c5 4. exd5 exd5 5. dxc5 Bxc5 6. Ne2 Ne7 7. O-O O-O 8. Ng3 Ng6 9. Nc3 Be6 10. Bd2 Nc6 11. Kh1 Nce5 12. Be2 f5 13. f4 Nc4 14. Bxc4 dxc4 15. Qe2 Re8 16. Rfe1 Bf7 17. Qd1 Qf6 18. Qf3 Rad8 19. Be3 Bxe3 20. Rxe3 Rd2 21. Rxe8+ Bxe8 22. Qe3 Rd8 23. Rd1 Rxd1+ 24. Nxd1 Bc6 25. Nc3 Nh4 26. Qxa7 Bxg2+ 27. Kg1 Qe7 28. Qf2 Bc6 29. Nge2 Nf3+ 30. Kf1 Qd6 31. Ng1 Qxf4 32. Nxf3 Bxf3 33. Ne2 Qe4 34. Ng3 Qd5 35. Qe1 Kf7 36. Ne2 Qe4 37. Qd2 Bxe2+ 38. Qxe2 Qh1+ 39. Kf2 Qxh2+ 40. Ke3 Qxe2+ 41. Kxe2 Ke6 42. Kd2 Kd5 43. Kc3 h5 44. a4 Kc5 45. b4+ cxb3 46. cxb3 h4 47. b4+ Kc6 48. Kc4 b5+ 49. axb5+ Kb6 0-1

[Event "CZE-ch U12 Open 2023"]
[Site "Teplice"]
[Date "2023.03.18"]
[Round "9.7"]
[White "Komarek, Tobias"]
[Black "Hladky, Mikulas"]
[Result "1-0"]
[ECO "A05"]
[WhiteElo "1515"]
[BlackElo "1476"]
[Annotator "NA RC COMBH"]
[PlyCount "73"]
[EventDate "2023.03.09"]
[EventType "swiss"]
[EventCountry "CZE"]
[SourceTitle "playchess.com"]
[Source "ChessBase"]
[SourceQuality "1"]
[TimeControl "40/5400+30:1800+30"]

1. Nf3 Nf6 2. d4 e6 3. c4 d5 4. g3 Bb4+ 5. Bd2 Be7 6. Bg2 O-O 7. O-O c6 8. Qc2 Nbd7 9. Be3 dxc4 10. Qxc4 Nb6 11. Qd3 Qc7 12. Bf4 Bd6 13. Bxd6 Qxd6 14. Nc3 Re8 15. Rfd1 Qe7 16. Ng5 h6 17. Nf3 Bd7 18. Ne4 Nxe4 19. Qxe4 Rad8 20. Rac1 Nd5 21. Ne5 f6 22. Nc4 Bc8 23. Ne3 Rd7 24. Nxd5 exd5 25. Qxe7 Rdxe7 26. e3 g5 27. Rc5 a6 28. Rdc1 Bd7 29. b4 Ra8 30. a4 b5 31. axb5 axb5 32. Rxb5 Kg7 33. Rb7 Kf8 34. Rb6 f5 35. b5 cxb5 36. Bxd5 Rae8 37. Rxh6 1-0

[Event "CZE-ch U12 Open 2023"]
[Site "Teplice"]
[Date "2023.03.18"]
[Round "9.8"]
[White "Rudlof, Adam"]
[Black "Rendl, Lubos"]
[Result "0-1"]
[ECO "B12"]
[WhiteElo "1409"]
[BlackElo "1477"]
[Annotator "NA RC COMBH"]
[PlyCount "118"]
[EventDate "2023.03.09"]
[EventType "swiss"]
[EventCountry "CZE"]
[SourceTitle "playchess.com"]
[Source "ChessBase"]
[SourceQuality "1"]
[TimeControl "40/5400+30:1800+30"]

1. e4 c6 2. d4 d5 3. f3 Qb6 4. Nc3 dxe4 5. fxe4 e5 6. Nf3 exd4 7. Nxd4 Nf6 8. Bc4 Bc5 9. Nb3 Bf2+ 10. Kf1 a5 11. Qf3 Bd4 12. Nxd4 Qxd4 13. Bd3 Bg4 14. Qg3 O-O 15. Be3 Qb4 16. Rb1 Bh5 17. a3 Qe7 18. Bf4 Re8 19. e5 Nfd7 20. Re1 Bg6 21. Ne4 Nxe5 22. Bxe5 Qxe5 23. Nf6+ Qxf6+ 24. Qf3 Bxd3+ 25. cxd3 Qxf3+ 26. gxf3 Nd7 27. Kf2 f6 28. Re4 Rxe4 29. dxe4 Ne5 30. Rd1 b5 31. f4 Nc4 32. b3 Nxa3 33. Ra1 b4 34. Rc1 Re8 35. Ke3 Re6 36. Rc5 Nb5 37. e5 fxe5 38. fxe5 Kf7 39. Kf4 Kg6 40. h4 Kh5 41. Rc4 g6 42. Rc1 Nc3 43. Ra1 Nd5+ 44. Ke4 h6 45. Re1 Kxh4 46. Rh1+ Kg3 47. Rxh6 Kf2 48. Rh8 Ke2 49. Ra8 Kd2 50. Rxa5 Kc3 51. Rc5+ Kxb3 52. Kd4 Kb2 53. Kd3 b3 54. Kd2 g5 55. Rc4 Kb1 56. Ra4 Rxe5 57. Kd3 b2 58. Kd2 c5 59. Ra8 c4 0-1

[Event "CZE-ch U12 Open 2023"]
[Site "Teplice"]
[Date "2023.03.18"]
[Round "9.10"]
[White "Tejnor, Martin"]
[Black "Sudrich, Radek"]
[Result "0-1"]
[ECO "B83"]
[WhiteElo "1360"]
[BlackElo "2054"]
[Annotator "TA"]
[PlyCount "104"]
[EventDate "2023.03.09"]
[EventType "swiss"]
[EventCountry "CZE"]
[SourceTitle "playchess.com"]
[Source "ChessBase"]
[SourceQuality "1"]
[TimeControl "40/5400+30:1800+30"]

1. e4 c5 2. Nf3 e6 3. Nc3 Nc6 4. Be2 d6 5. O-O Nf6 6. d4 cxd4 7. Nxd4 Be7 8. Be3 O-O 9. f4 e5 10. Nb3 a6 {[%emt 0:02:17] B83: Sicilian Scheveningen: 6 Be2, lines without ...a6.} 11. Bf3 exf4 12. Bxf4 Ne5 {[%emt 0:00:31] The position is equal.} 13. Be2 {[%emt 0:04:57] [#]} Neg4 $146 ({Predecessor:} 13... Be6 14. Qd4 Qc7 15. Rad1 Rfd8 16. Nc1 Bc4 17. Nd3 Rac8 18. Be3 Nxd3 19. cxd3 Be6 20. Rc1 Qb8 21. Bf3 Rc6 {0-1 Russell,J (1350)-Prieto,C (1022) IECG Q3.2000.0.00093}) 14. h3 Qb6+ 15. Qd4 Qxd4+ {[%emt 0:00:32][%mdl 64] Remove Defender} 16. Nxd4 Ne5 17. Rad1 b5 18. Nf5 Bxf5 19. exf5 Rac8 20. a3 Rc7 21. Rfe1 Re8 22. Kh1 g6 (22... h6 $11) 23. fxg6 (23. g4 $14) 23... hxg6 $11 24. Bd3 Bf8 25. Be4 (25. Bf1 $14) 25... Nc4 {[%emt 0:02:21] Excellent horsemanship.} 26. Nd5 Nxd5 27. Rxd5 (27. Bxd5 $11 Rxe1+ 28. Rxe1) 27... f5 $2 (27... Rce7 $19 28. b3 (28. Rd4 $2 Bg7 $19 {[%mdl 64] Skewer}) 28... Nxa3 29. Bxd6 Rxe4 30. Rxe4 Rxe4 31. Bxa3 Re1+ 32. Kh2 Bxa3) 28. Rxf5 $17 {[%emt 0:01:54] [#] Bd5+ is the strong threat.} Rxe4 (28... Kg7 $1 $17 29. Rg5 Rce7 30. Rxg6+ Kf7) 29. Rxf8+ $16 Kxf8 30. Rxe4 $17 {[%emt 0:00:07][%mdl 4096] Endgame KRB-KRN} Ne5 31. c3 Rc5 32. Kg1 Kf7 33. Bxe5 dxe5 $16 {[%emt 0:02:22] KR-KR} 34. Kf2 Kf6 35. a4 Kf5 36. Rg4 (36. Rb4 $16) 36... Rd5 (36... e4 $1 $14) 37. Ke2 ({White should play} 37. Ke3 $16) 37... g5 $2 (37... e4 $1 $11 {and Black stays safe.}) 38. axb5 $18 axb5 39. b3 $2 ({White should try} 39. Ke3 $18) 39... e4 $11 {[%emt 0:01:24] ...Rd3 would be deadly.} 40. Rg3 {[%emt 0:00:58] Inhibits Rd3.} Kf4 41. Re3 Re5 42. g3+ Kf5 43. c4 {[%emt 0:00:15] Hoping for Rc3.} Rc5 $2 {[%emt 0:00:51][%mdl 8192] [#]} (43... b4 $11 {and Black is okay.}) 44. Rc3 $1 $18 g4 $2 (44... bxc4 {is a better chance.} 45. bxc4 Ke6) 45. h4 {[%emt 0:00:22] Threatens to win with b4.} Ke5 46. Ke3 Rc8 47. c5 {[%emt 0:00:37] Strongly threatening c6.} Rf8 48. Ke2 (48. c6 $142 Rf3+ 49. Kd2) 48... Kd4 49. Re3 (49. Rc1 $18 {is the narrow road to win. And now c6 would win.} e3 50. Rf1) 49... Ra8 {[%emt 0:03:29] ( -> ...Ra2+)} 50. c6 $2 (50. Kf2 $19 Rf8+ 51. Ke2) 50... Ra2+ {[%emt 0:00:14][%mdl 64] Deflection. Black mates.} 51. Kd1 Kxe3 52. c7 Ra8 {[%emt 0:00:07] A wild game.   Weighted Error Value: White=0.74/Black=0.80} 0-1

[Event "CZE-ch U12 Open 2023"]
[Site "Teplice"]
[Date "2023.03.18"]
[Round "9.11"]
[White "Mazurek, Richard"]
[Black "Kupka, Alexandr"]
[Result "0-1"]
[ECO "C44"]
[WhiteElo "1137"]
[BlackElo "1220"]
[Annotator "NA RC COMBH"]
[PlyCount "84"]
[EventDate "2023.03.09"]
[EventType "swiss"]
[EventCountry "CZE"]
[SourceTitle "playchess.com"]
[Source "ChessBase"]
[SourceQuality "1"]
[TimeControl "40/5400+30:1800+30"]

1. e4 e5 2. Nf3 Nc6 3. d4 exd4 4. Nxd4 Nf6 5. Nc3 Bb4 6. Nxc6 bxc6 7. Bd3 d5 8. exd5 cxd5 9. O-O O-O 10. Bg5 c6 11. Qf3 Bd6 12. Bxf6 Qxf6 13. Qxf6 gxf6 14. Ne2 Rb8 15. b3 Re8 16. h3 Be6 17. Rfe1 c5 18. Rab1 Rec8 19. Ng3 Bxg3 20. fxg3 c4 21. bxc4 dxc4 22. Be4 f5 23. Bf3 Kg7 24. Kf2 c3 25. a3 Rb2 26. Rec1 Ba2 27. Ra1 Bb3 28. Bd1 Rd8 29. Ke1 Ba4 30. Ke2 Rd2+ 31. Kf1 Bb5+ 32. Kg1 Bc6 33. Bf3 Be4 34. Bxe4 fxe4 35. Kf1 Rbxc2 36. Rxc2 Rxc2 37. Re1 Rd2 38. Rc1 c2 39. Ke1 e3 40. g4 Rxg2 41. Kf1 Rd2 42. Ke1 Rh2 0-1